 Dungeon Crawl Stone Soup version 0.28-a0-1404-g4df0f3684d (webtiles) character file.

Game seed: 5288984002018038808

18 lonewolfV2 the Skirmisher (level 2, -1/26 HPs)
             Began as a Draconian Fighter on Jan 5, 2022.
             Succumbed to a kobold's poison
             ... on level 2 of the Dungeon.
             The game lasted 00:00:48 (874 turns).

lonewolfV2 the Skirmisher (Draconian Fighter)        Turns: 874, Time: 00:00:49

Health: -1/26      AC:  4    Str: 18    XL:     2   Next: 51%
Magic:  2/2        EV: 12    Int:  8    God:
Gold:   23         SH:  4    Dex: 10    Spells: 1/1 levels left

rFire   . . .      SeeInvis .   a - +0 war axe
rCold   . . .      Faith    .   b - +0 buckler
rNeg    . . .      Spirit   .   (armour unavailable)
rPois   .          Reflect  .   (helmet restricted)
rElec   .          Harm     .   (no cloak)
rCorr   .          Rampage  .   (no gloves)
Will    .....                   (no boots)
Stlth   +.........              (no amulet)
HPRegen 0.08/turn               (no ring)
MPRegen 0.08/turn               (no ring)

@: lethally poisoned (-1 -> -16), slowed, very slow
A: AC +4, unfitting armour, cold-blooded
a: no special abilities


You were on level 2 of the Dungeon.
You visited 1 branch of the dungeon, and saw 2 of its levels.

You collected 23 gold pieces.

Inventory:

Hand Weapons
 a - a +0 war axe (weapon)
Armour
 b - a +0 buckler (worn)
Scrolls
 d - 2 scrolls of blinking {unknown}
 e - a scroll of identify {unknown}
 g - a scroll of magic mapping {unknown}
Potions
 c - a potion of might
 f - a potion of cancellation {unknown}


   Skills:
 + Level 3.6 Fighting
 + Level 2.2 Axes
 + Level 2.9 Dodging
 + Level 3.2 Shields


You had one spell level left.
You didn't know any spells.
Your spell library was empty.

Dungeon Overview and Level Annotations

Branches:
Dungeon (2/15)

Altars:

Shops:
D:1 (


Innate Abilities, Weirdness & Mutations

Your plain brown scales are hard. (AC +4)
You cannot fit into any form of body armour.
You are cold-blooded and may be slowed by cold attacks.


Message History

The hobgoblin seems to grow stronger.
You barely miss the hobgoblin.
Your tail-slap misses the hobgoblin.
The hobgoblin hits you. The hobgoblin closely misses you.
You closely miss the hobgoblin.
Your tail-slap misses the hobgoblin.
The hobgoblin hits you.
You hit the hobgoblin but do no damage. The hobgoblin closely misses you.
The hobgoblin barely misses you.
You closely miss the hobgoblin. You block the hobgoblin's attack.
You hit the hobgoblin.
You kill the hobgoblin!
HP restored.
You now have 23 gold pieces (gained 9).
Found a hunting sling.
Found a stone staircase leading up.
A rat and a kobold come into view.
The kobold is wielding a +2 short sword of venom.
The kobold shouts!
There are monsters nearby!
An endoplasm comes into view.
The endoplasm quivers.
The rat bites you but does no damage. The endoplasm freezes you.
You are frozen.
The rat bites you.
You hit the rat but do no damage.
Your tail-slap misses the rat.
You closely miss the kobold. You barely miss the endoplasm.
A ball python comes into view.
The endoplasm jiggles.
The endoplasm freezes you.
You are frozen.
You feel yourself slow down. The rat bites you.
The kobold hits you with a +2 short sword of venom.
You are poisoned.
You feel very sick. You block the endoplasm's attack.
The rat closely misses you.
The kobold hits you with a +2 short sword of venom.
You are lethally poisoned!
The rat bites you but does no damage. The endoplasm freezes you.
You are frozen.
* * * LOW HITPOINT WARNING * * *
You feel as though you will be slow longer.
You die...

#.# ##.##
#...######
#........#
...)<##.#
#.##.##.#
#.##J##.##.##
#...K.@.....#
#...S..r##.##..#
.....#..##.##..#
#.#........##..##
# #..#..........#
#..##.##......#
#. #......#.## ..
####.#....#
..##.##..##


You could see an endoplasm, a ball python, a kobold and a rat.

Vanquished Creatures
  A worm (D:2)
  2 giant cockroaches (D:1)
  3 hobgoblins
  A quokka (D:1)
  2 ball pythons (D:1)
  A bat (D:1)
  3 goblins (D:1)
  A rat (D:1)
14 creatures vanquished.

Notes
Turn   | Place    | Note
-------+----------+-------------------------------------------
     0 | D:1      | lonewolfV2 the Draconian Fighter began the quest for the
                  | Orb.
     0 | D:1      | Reached XP level 1. HP: 19/19 MP: 1/1
   223 | D:1      | Reached XP level 2. HP: 26/26 MP: 2/2
   337 | D:1      | Found Huazesk's Antique Weapon Shop.
   565 | D:1      | You fall into a shaft and drop 1 floor!
   874 | D:2      | Succumbed to a kobold's poison

Illustrated notes

Levels and vault maps discovered:
D:1:      dpeg_arrival_oval, layout_loops_ring, serial_shops,
          nicolae_square_shop, shapermc_ecumenical_altar_notcrosses
D:2:      layout_loops_ring, minmay_tree_intersection, lightli_corner_chamber,
          uniq_robin, uniq_jessica

Action                   || total
-------------------------++-------
Melee: War axe           ||    44
       Tailslap          ||     3
Armor: Skin              ||     9
Dodge: Dodged            ||    26
Block: Buckler           ||    16

Table legend: (Time is in decaauts)
 A = Elapsed time spent in this place.
 B = Non-inter-level travel time spent in this place.
 C = Inter-level travel time spent in this place.
 D = Time resting spent in this place.
 E = Time spent auto-exploring this place.
 F = Levels seen in this place.
 G = Mean time per level.
                   A        B        C        D        E       F      G
               +--------+--------+--------+--------+--------+-----+--------+
         Total |    893 |    893 |      0 |      0 |    770 |   2 |  446.5 |
       Dungeon |    893 |    893 |      0 |      0 |    770 |   2 |  446.5 |
               +--------+--------+--------+--------+--------+-----+--------+

Top non-repeatable levels by time:
     D:1: 579 daAuts
     D:2: 314 daAuts
